 Dungeon Crawl Stone Soup version 0.31-a0-675-g238779eb0a (webtiles) character file.

Game seed: 1467227845696735537

128 qw the Shooter (level 5, -9/32 HPs)
             Began as a Gargoyle Hunter on Sept 5, 2023.
             Mangled by an orc warrior
             ... wielding a +0 war axe
              (13 damage)
             ... on level 4 of the Dungeon.
             The game lasted 00:01:00 (2632 turns).

qw the Shooter (Gargoyle Hunter)                    Turns: 2632, Time: 00:01:00

Health: -9/32      AC:  8    Str: 14    XL:     5   Next: 12%
Magic:  5/5        EV: 11    Int: 10    God:
Gold:   195        SH:  0    Dex: 15    Spells: 4/4 levels left

rFire   . . .        Y - +1 shortbow
rCold   . . .        (shield currently unavailable)
rNeg    + . .        c - +0 leather armour
rPois   inf          i - +0 helmet
rElec   +            (no cloak)
rCorr   .            (no gloves)
SInv    .            (no boots)
Will    .....        g - amulet of regeneration
Stlth   ++           (no ring)
HPRegen 1.05/turn    (no ring)
MPRegen 0.09/turn

%: no passive effects
@: about to teleport
A: sickness immunity, AC +4, negative energy resistance 1, electricity
resistance, torment resistance 1, petrification resistance
a: no special abilities


You were on level 4 of the Dungeon.
You visited 1 branch of the dungeon, and saw 4 of its levels.

You collected 195 gold pieces.


Innate Abilities, Weirdness & Mutations

You are immune to sickness and miasma.
Your stone body is resilient. (AC +4)
You are immune to poison.
You resist negative energy. (rN+)
You are resistant to electric shocks. (rElec)
You are resistant to unholy torment.
You are immune to petrification.


   Skills:
 - Level 3.0 Fighting
 + Level 5.9 Ranged Weapons
 - Level 1.5 Dodging
 - Level 1.1 Stealth


You had 4 spell levels left.
You didn't know any spells.
Your spell library was empty.

Inventory:

Hand Weapons
 Y - a +1 shortbow (weapon)
Armour
 c - a +0 leather armour (worn)
 i - a +0 helmet (worn)
Jewellery
 g - an amulet of regeneration (around neck)
Scrolls
 b - a scroll of identify
 e - a scroll of teleportation
 f - a scroll of fog {unknown}
Potions
 a - a potion of curing {unknown}
 d - a potion of resistance {unknown}
 h - a potion of might {unknown}
 k - 2 potions of brilliance {unknown}

Dungeon Overview and Level Annotations

Branches:
Dungeon (4/15)
 Temple: D:4-7

Altars:
Ru


Message History

Found a stone staircase leading down.
Found a stone staircase leading up.
Enter note:
There is a stone staircase leading down here.
f - a scroll labelled CUPTAO XOPSU You open the door.
There is an open door here.
You now have 195 gold pieces (gained 8).
Found a scroll of poison.
Found 7 stones.
You see here a scroll of poison.
An orc warrior comes into view. It is wielding a +0 war axe.
The orc warrior shouts!
You shoot an arrow.
The arrow hits the orc warrior but does no damage.
You shoot an arrow.
The arrow hits the orc warrior but does no damage.
You shoot an arrow.
The arrow barely misses the orc warrior.
You shoot an arrow.
The arrow barely misses the orc warrior.
You shoot an arrow. The arrow hits the orc warrior!
The orc warrior is moderately wounded.
You shoot an arrow.
The arrow barely misses the orc warrior.
The orc warrior barely misses you.
You shoot an arrow.
The arrow hits the orc warrior but does no damage.
The orc warrior is moderately wounded.
The orc warrior hits you but does no damage.
The orc warrior hits you with a +0 war axe!
You shoot an arrow.
The arrow completely misses the orc warrior.
The orc warrior hits you with a +0 war axe!
Ouch! That really hurt!
2632 ||| READING 2 scrolls of teleportation.
As you read the scroll of teleportation, it crumbles to dust.
You feel strangely unstable.
The orc warrior hits you with a +0 war axe!
You die...

#.....###.####.#.
....#.....#
#.#..#.#.
#...#.....#
#....#.#.
#...#.....#
###.##.#.
.......... #....#.
#........# #.)###.
+(......# #.)....
#...###.# #.####.
#.@o...# #.# #.
##.##..... #)# #.
#..#.#### #.# #.
##.#.#######.####.
#.?.........#....
###..###### #.##.
##.#### ##....
#....####...##
####.......##


You could see an orc warrior.

Vanquished Creatures
  An orc wizard (D:4)
  2 adders (D:3)
  2 worms (D:2)
  A dart slug (D:1)
  4 orcs
  4 endoplasms
  3 giant cockroaches
  7 goblins
  7 hobgoblins
  6 jackals
  8 kobolds
  3 quokkas
  7 ball pythons
  8 bats
  3 frilled lizards
  4 rats
70 creatures vanquished.

Notes
Turn   | Place    | Note
-------+----------+-------------------------------------------
     0 | D:1      | qw the Gargoyle Hunter began the quest for the Orb.
     0 | D:1      | Reached XP level 1. HP: 12/12 MP: 1/1
     0 | D:1      | 0 ||| qw: Version: 0.3-a-75-g829b12e
     0 | D:1      | 0 ||| qw: Game counter: 100
     0 | D:1      | 0 ||| qw: Melee chars always use a shield: true
     0 | D:1      | 0 ||| qw: God list: Okawaru
     0 | D:1      | 0 ||| qw: Allow faded altars: false
     0 | D:1      | 0 ||| qw: Do Orc after clearing Dungeon:15 true
     0 | D:1      | 0 ||| qw: Do second Lair branch before Depths: true
     0 | D:1      | 0 ||| qw: Lair rune preference: random
     0 | D:1      | 0 ||| qw: Goals: Normal
     0 | D:1      | 0 ||| PLANNING D:1-11
   114 | D:1      | Reached XP level 2. HP: 17/17 MP: 2/2
   839 | D:1      | 839 ||| UPGRADING to +0 helmet.
   844 | D:1      | 844 ||| DROPPING amulet of magic regeneration.
   845 | D:1      | 845 ||| UPGRADING to amulet of regeneration.
   850 | D:1      | 850 ||| READING scroll labelled ROPPYA LITA.
   851 | D:1      | 851 ||| READING scroll labelled PACROLO XYLA.
   852 | D:1      | 852 ||| DROPPING scroll of butterflies.
   893 | D:2      | Reached XP level 3. HP: 21/21 MP: 3/3
   978 | D:2      | Reached skill level 5 in Ranged Weapons
  1318 | D:2      | Reached skill level 3 in Fighting
  1825 | D:2      | 1825 ||| READING 2 scrolls labelled JOOCAJO DAAPT.
  1826 | D:2      | 1826 ||| READING scroll labelled AROESE YTHUREY.
  1827 | D:2      | 1827 ||| READING scroll labelled RAEVENN INGIO.
  1828 | D:2      | 1828 ||| READING scroll labelled DORIRI IREIN.
  1832 | D:2      | 1832 ||| READING scroll labelled VUPYWO ASHRO.
  1897 | D:3      | Reached XP level 4. HP: 28/28 MP: 4/4
  2059 | D:3      | Found a sacrificial altar of Ru.
  2112 | D:3      | Found a faded altar of an unknown god.
  2338 | D:3      | 2338 ||| DROPPING ring of flight.
  2339 | D:3      | 2339 ||| READING scroll labelled IKLELE PATEOJ.
  2340 | D:3      | 2340 ||| READING 2 scrolls of identify.
  2340 | D:3      | 2340 ||| IDENTIFYING sedimented brown potion
  2341 | D:3      | 2341 ||| DROPPING potion of ambrosia.
  2504 | D:4      | Reached XP level 5. HP: 32/32 MP: 5/5
  2623 | D:4      | Noticed an orc warrior
  2631 | D:4      | HP: 3/32 [orc warrior/+0 war axe (17)]
  2632 | D:4      | 2632 ||| READING 2 scrolls of teleportation.
  2632 | D:4      | Mangled by an orc warrior

Levels and vault maps discovered:
D:1:      lightli_arrival_flooded_house, layout_basic
D:2:      layout_loops_corners, serial_aquarium, aquarium_bridge_square
          [aquarium_subvault_bridge, aquarium_subvault_bridge,
          aquarium_subvault_bridge, aquarium_subvault_bridge],
          aquarium_bridge_long_separate [aquarium_subvault_wall,
          aquarium_subvault_bridge, aquarium_subvault_wall,
          aquarium_subvault_bridge, aquarium_subvault_bridge,
          aquarium_subvault_window], aquarium_window_2, aquarium_window_1,
          aquarium_view_2d, minmay_quadrilaterals
D:3:      minmay_chambers_of_twos, layout_basic, old_standard_altar,
          hellmonk_ecumenical_altar_crossroads
D:4:      layout_basic, minmay_temple_entry_waves

Skill      XL: |  1  2  3 |
---------------+----------+-----
Ranged Weapons | 5 |  5.9
Fighting       | 3 |  3.0
Dodging        | |  1.5
Stealth        | |  1.1

Action                     |  1- 3 |  4- 6 || total
---------------------------+-------+-------++-------
   Fire: Shortbow          |   138 |    87 ||   225
    Use: Scroll            |     7 |     3 ||    10
 Armour: Leather armour    |    63 |    37 ||   100
  Dodge: Dodged            |    86 |    23 ||   109

Table legend:
 A = Non-vault XP
 B = Vault XP
 C = Vault XP percentage of total XP
 D = Non-vault monster count
 E = Vault monster count
 F = Vault count percentage of total count
                 A         B        C        D         E       F
            +---------+---------+-------+---------+---------+-------
      Total |     145 |      39 |  21.2 |      56 |      14 |  20.0
            +---------+---------+-------+---------+---------+-------
        D:1 |      29 |       0 |   0.0 |      17 |       0 |   0.0
        D:2 |      38 |      12 |  24.0 |      21 |       6 |  22.2
        D:3 |      34 |      27 |  44.3 |      13 |       8 |  38.1
        D:4 |      44 |       0 |   0.0 |       5 |       0 |   0.0
            +---------+---------+-------+---------+---------+-------
